 Dungeon Crawl Stone Soup version 0.21.1-1-g345015f (webtiles) character file.

171 suicidejoker the Covert (level 5, 0/51 HPs)
             Began as an Octopode Assassin on Apr 11, 2018.
             Slain by a gnoll
             ... wielding a +0 whip
              (1 damage)
             ... on level 3 of the Dungeon on Apr 12, 2018.
             The game lasted 00:05:22 (2439 turns).

suicidejoker the Covert (Octopode Assassin)         Turns: 2439, Time: 00:05:22

Health: 0/51       AC:  1    Str: 16    XL:     5   Next: 51%
Magic:  5/5        EV: 13    Int: 15    God:
Gold:   96         SH:  0    Dex: 14    Spells: 4/4 levels left

rFire    . . .     SeeInvis .   a - +2 dagger
rCold    . . .     Gourm    .   (no shield)
rNeg     . . .     Faith    .   (helmet restricted)
rPois    .         Spirit   .   q - amulet of magic regeneration
rElec    .         Reflect  .   j - +2 ring of intelligence
rCorr    .         Harm     .   (no ring)
MR       .....                  (no ring)
Stlth    ..........             (no ring)
HPRegen  0.17/turn              (no ring)
MPRegen  0.34/turn              (no ring)
                                (no ring)
                                (no ring)

@: berserking, very quick
A: almost no armour, stealthy swim, amphibious, 8 rings, constrict 8, camouflage
1, gelatinous body 1
a: no special abilities


You were on level 3 of the Dungeon.
You were not hungry.

You visited 1 branch of the dungeon, and saw 3 of its levels.

You collected 96 gold pieces.

Inventory:

Hand Weapons
 a - a +2 dagger (weapon)
 b - a +0 blowgun
Missiles
 c - 8 poisoned needles
 d - 2 curare-tipped needles
 g - 38 stones (quivered)
 m - 23 bolts
 n - 4 tomahawks
 p - 22 arrows
Jewellery
 j - a +2 ring of intelligence (left tentacle)
 q - an amulet of magic regeneration (around mantle)
Scrolls
 h - a scroll of remove curse
 i - a scroll of teleportation {unknown}
 l - a scroll of noise {unknown}
 o - a scroll of fear {unknown}
 r - a scroll of identify {unknown}
Potions
 k - a potion of curing {unknown}
Comestibles
 f - 4 rations
 s - a chunk of flesh


   Skills:
 - Level 2.0 Fighting
 - Level 2.0 Short Blades
 - Level 2.0 Throwing
 - Level 1.0 Dodging
 + Level 9.2 Stealth


You had 4 spell levels left.
You didn't know any spells.

Dungeon Overview and Level Annotations

Branches:
Dungeon (3/15)

Altars:
Wu Jian
Zin

Annotations:
D:3 Sinoran's ghost, amateur GrFi


Innate Abilities, Weirdness & Mutations

You cannot wear most types of armour.
You are very stealthy in the water. (Stealth+)
You are amphibious.
You can wear up to eight rings at the same time.
You can use your tentacles to constrict eight enemies at once.
Your skin changes colour to match your surroundings (Stealth+).
Your rubbery body absorbs attacks. (AC +1, EV +1)


Message History

You hit the adder.
The adder is almost dead.
You constrict the adder, but do no damage.
You constrict the gnoll. The adder misses you. The gnoll hits you!
The adder closely misses you.
You barely miss the adder.
The adder is almost dead.
You constrict the adder.
You kill the adder!
You constrict the gnoll.
You kill the gnoll!
You closely miss Sinoran's ghost. The gnoll hits you with a whip!
* * * LOW HITPOINT WARNING * * *
Sinoran's ghost hits you.
* * * LOW HITPOINT WARNING * * *
It was a potion of berserk rage.
A red film seems to cover your vision as you go berserk!
You feel yourself moving faster!
You feel mighty! The gnoll hits you with a whip.
You die...

####.............
.##................
.##.#......)......#
..................#
.###..............
.##..............
.##.......##...?
......##.###.#.#######..
...............W@ggS....
.....##..<.###.########.
.................#
#................#
....#............#
.##...##.........#
.................#
..##(#...........# ..
#.##.............


You could see Sinoran's ghost, 2 gnolls and a ball python.

Vanquished Creatures
  A scorpion (D:3)
  Terence (D:2)
  2 gnolls
  3 adders
  A worm (D:2)
  2 dart slugs
  3 leopard geckos
  5 bats
  2 giant cockroaches
  5 goblins
  6 hobgoblins
  A quokka (D:2)
  A ball python (D:1)
  2 frilled lizards (D:1)
  6 kobolds
  3 rats
44 creatures vanquished.

Notes
Turn   | Place    | Note
-------+----------+-------------------------------------------
     0 | D:1      | suicidejoker the Octopode Assassin began the quest for the Orb.
     0 | D:1      | Reached XP level 1. HP: 14/14 MP: 1/1
   155 | D:1      | Reached XP level 2. HP: 19/19 MP: 2/2
   197 | D:1      | Reached skill level 6 in Stealth
   574 | D:1      | Reached XP level 3. HP: 24/24 MP: 3/3
   987 | D:2      | Reached skill level 7 in Stealth
  1409 | D:2      | Noticed Terence
  1417 | D:2      | Killed Terence
  1417 | D:2      | Reached skill level 8 in Stealth
  1417 | D:2      | Reached XP level 4. HP: 29/29 MP: 4/4
  1494 | D:2      | Found an ornate altar of the Wu Jian Council.
  1502 | D:2      | Found a glowing silver altar of Zin.
  2089 | D:3      | Reached XP level 5. HP: 14/34 MP: 5/5
  2169 | D:3      | Noticed Sinoran's ghost (amateur GrFi)
  2315 | D:3      | Reached skill level 9 in Stealth
  2438 | D:3      | HP: 1/34 [Sinoran's ghost (4)]
  2439 | D:3      | Slain by a gnoll

Skill      XL: |  1  2  3  4  5 |
---------------+----------------+-----
Stealth        | 6 8 9 |  9.2
Fighting       | |  2.0
Short Blades   | |  2.0
Throwing       | |  2.0
Dodging        | |  1.0

Action                   |  1- 3 |  4- 6 || total
-------------------------+-------+-------++-------
Melee: Short sword       |    29 |       ||    29
       Constrict         |    11 |     8 ||    19
       Tentacles         |     5 |     2 ||     7
       Dagger            |    27 |    39 ||    66
  Use: Scroll            |     1 |       ||     1
       Potion            |       |     1 ||     1
 Stab: Sleeping          |    17 |     4 ||    21
  Eat: Chunk             |     1 |     4 ||     5
Armor: Skin              |     8 |     1 ||     9
Dodge: Dodged            |    32 |    25 ||    57
